HSSL
OCEANSIDE HS PIRATES @ BROOKLINE HS WARRIORS
05/10/2026
 
TOP OF THE 1ST
Oceanside HS Pirates batting - Pitching for Brookline HS Warriors : RHP Jody Thomas
Pitching: RHP Jody Thomas
Batting: RHB Glen Madden 0-0: Foul Ball, location: 2F
0-1: Swinging Strike
0-2: SINGLE (Line Drive, 4D)
Batting: RHB Henry Rose 0-0: Swinging Strike
0-1: Ball
1-1: Ball
2-1: Fly out, F6 (Line Drive, 6)
Batting: LHB Ron Young 0-0: Swinging Strike
0-1: Fielders Choice at 2nd, 6-4 (Groundball, 6M)
Batting: RHB Danny Boykins 0-0: Ball
1-0: Ball
2-0: Swinging Strike
2-1: Swinging Strike
2-2: Fly out, F9 (Flyball, 89M)
Top of the 1st over - 0 run(s), 1 hit(s), 0 error(s), 1 left on base; Oceanside HS 0 - Brookline HS 0
BOTTOM OF THE 1ST
Brookline HS Warriors batting - Pitching for Oceanside HS Pirates : LHP Valentín García
Pitching: LHP Valentín García
Batting: RHB Paco Cabrera 0-0: Called Strike
0-1: Ball
1-1: SINGLE (Groundball, 4D)
Batting: LHB Desmond Huth 0-0: Ball
1-0: Ball
2-0: Swinging Strike
2-1: Ball
3-1: Foul Ball, location: 2F
3-2: 2-RUN HOME RUN (Flyball, 89XD), Distance : 433 ft
Batting: RHB Tim Smith 0-0: Ball
1-0: Hit by Pitch
Batting: RHB Tom McBride 0-0: Grounds into double play, 6-4-3 (Groundball, 6)
Batting: LHB Jonathan Martin 0-0: Called Strike
0-1: Foul Ball, location: 2F
0-2: Ball
1-2: Foul Ball, location: 2F
1-2: Ball
2-2: Ball
3-2: Strikes out swinging
Bottom of the 1st over - 2 run(s), 2 hit(s), 0 error(s), 0 left on base; Oceanside HS 0 - Brookline HS 2
TOP OF THE 2ND
Oceanside HS Pirates batting - Pitching for Brookline HS Warriors : RHP Jody Thomas
Batting: SHB Jerry Young 0-0: Ball
1-0: Ball
2-0: Ball
3-0: Foul Ball, location: 2F
3-1: Base on Balls
Batting: LHB Preston Spencer 0-0: Ball
1-0: Swinging Strike
1-1: Fly out, F8 (Popup, 8LS)
Batting: LHB Greg Sharpe 0-0: Fielders Choice at 2nd, 4-6 (Groundball, 4)
Batting: RHB Curt Brown 0-0: Called Strike
0-1: Ball
1-1: Ball
2-1: Foul Ball, location: 2F
2-2: Ball
3-2: Foul Ball, location: 2F
3-2: Base on Balls
Greg Sharpe to second
Batting: LHB Miguel Maldonado 0-0: Called Strike
0-1: Called Strike
0-2: Ball
1-2: Foul Ball, location: 2F
1-2: Ball
2-2: Ball
3-2: Base on Balls
Greg Sharpe to third
Curt Brown to second
Batting: RHB Glen Madden 0-0: Ball
1-0: Ball
2-0: GRAND SLAM HOME RUN (Flyball, 78XD), Distance : 430 ft
Pitching: RHP Dave Bryant
Batting: RHB Henry Rose 0-0: Ball
1-0: Ball
2-0: Ball
3-0: Base on Balls
Batting: LHB Ron Young 0-0: Ball
1-0: Ball
2-0: Ball
3-0: Called Strike
3-1: Ground out 4-3 (Groundball, 4)
Top of the 2nd over - 4 run(s), 1 hit(s), 0 error(s), 1 left on base; Oceanside HS 4 - Brookline HS 2
BOTTOM OF THE 2ND
Brookline HS Warriors batting - Pitching for Oceanside HS Pirates : LHP Valentín García
Batting: RHB Francisco Durango 0-0: Ball
1-0: Ball
2-0: Ball
3-0: Base on Balls
Batting: SHB Luis Rodríguez 0-0: Ball
1-0: Grounds into double play, 6-4-3 (Groundball, 6M)
Batting: RHB Owen Jenkins 0-0: Called Strike
0-1: Swinging Strike
0-2: Ball
1-2: Strikes out swinging
Bottom of the 2nd over - 0 run(s), 0 hit(s), 0 error(s), 0 left on base; Oceanside HS 4 - Brookline HS 2
TOP OF THE 3RD
Oceanside HS Pirates batting - Pitching for Brookline HS Warriors : RHP Dave Bryant
Batting: RHB Danny Boykins 0-0: Ball
1-0: Called Strike
1-1: Ball
2-1: Foul Ball, location: 2F
2-2: Foul Ball, location: 2F
2-2: Reached on Error, E9 (Line Drive, 9M)
Batting: SHB Jerry Young 0-0: Ball
1-0: Ball
2-0: Ball
3-0: Base on Balls
Danny Boykins to second
Batting: LHB Preston Spencer 0-0: Called Strike
0-1: Fly out, F7 (Flyball, 7M)
Batting: LHB Greg Sharpe 0-0: Ball
1-0: SINGLE (Line Drive, 9S)
Danny Boykins to third
Jerry Young to second
Batting: RHB Curt Brown 0-0: Ball
1-0: Called Strike
1-1: Ball
2-1: SINGLE (Groundball, 6MD)
Danny Boykins scores
Jerry Young to third
Greg Sharpe to second
Runner from 3rd tries for Home, SAFE, throw made at trailing runner, SAFE at third!
Batting: LHB Miguel Maldonado 0-0: Ball
1-0: Called Strike
1-1: Called Strike
1-2: Strikes out swinging
Batting: RHB Glen Madden 0-0: SINGLE (Groundball, 15) (infield hit)
Greg Sharpe scores
Curt Brown to second
Batting: RHB Henry Rose 0-0: Called Strike
0-1: Fly out, F6 (Popup, 56D)
Top of the 3rd over - 3 run(s), 3 hit(s), 1 error(s), 2 left on base; Oceanside HS 7 - Brookline HS 2
BOTTOM OF THE 3RD
Brookline HS Warriors batting - Pitching for Oceanside HS Pirates : LHP Valentín García
Batting: RHB Bob Bishop 0-0: Ground out 4-3 (Groundball, 4)
Batting: RHB Paco Cabrera 0-0: Ball
1-0: Fly out, F2 (Popup, 2RF)
Batting: LHB Desmond Huth 0-0: Ball
1-0: Ball
2-0: Called Strike
2-1: Foul Ball, location: 2F
2-2: DOUBLE (Flyball, 78M)
Batting: RHB Tim Smith 0-0: Ball
1-0: Called Strike
1-1: Fly out, F8 (Flyball, 89M)
Bottom of the 3rd over - 0 run(s), 1 hit(s), 0 error(s), 1 left on base; Oceanside HS 7 - Brookline HS 2
TOP OF THE 4TH
Oceanside HS Pirates batting - Pitching for Brookline HS Warriors : RHP Dave Bryant
Batting: LHB Ron Young 0-0: Foul Ball, location: 2F
0-1: Foul Ball, location: 2F
0-2: Ball
1-2: Ball
2-2: Ball
3-2: Base on Balls
Batting: RHB Danny Boykins 0-0: Ball
Ron Young is caught stealing 2nd base
1-0: Swinging Strike
1-1: Swinging Strike
1-2: Ball
2-2: Ball
3-2: Fly out, F8 (Flyball, 8RM)
Batting: SHB Jerry Young 0-0: Ball
1-0: Fly out, F7 (Flyball, 7LMF)
Top of the 4th over - 0 run(s), 0 hit(s), 0 error(s), 0 left on base; Oceanside HS 7 - Brookline HS 2
BOTTOM OF THE 4TH
Brookline HS Warriors batting - Pitching for Oceanside HS Pirates : LHP Valentín García
Batting: RHB Tom McBride 0-0: Ball
1-0: Foul Ball, location: 2F
1-1: Swinging Strike
1-2: Ball
2-2: Foul Ball, location: 2F
2-2: Ball
3-2: Strikes out swinging
Batting: LHB Jonathan Martin 0-0: Ball
1-0: Swinging Strike
1-1: Called Strike
1-2: Strikes out swinging
Batting: RHB Francisco Durango 0-0: Swinging Strike
0-1: Foul Ball, location: 2F
0-2: Strikes out looking
Bottom of the 4th over - 0 run(s), 0 hit(s), 0 error(s), 0 left on base; Oceanside HS 7 - Brookline HS 2
TOP OF THE 5TH
Oceanside HS Pirates batting - Pitching for Brookline HS Warriors : RHP Dave Bryant
Batting: LHB Preston Spencer 0-0: Ball
1-0: Swinging Strike
1-1: SINGLE (Flyball, 9LS)
Pitching: RHP Juan Álvarez
Batting: LHB Greg Sharpe 0-0: Swinging Strike
0-1: DOUBLE (Flyball, 78M)
Preston Spencer to third
Batting: RHB Curt Brown 0-0: Ball
1-0: Ground out 2-3 (Groundball, 23)
Batting: LHB Miguel Maldonado 0-0: Fly out, F9 (Line Drive, 89M)
Runner from 3rd tags up, SCORES, throw made
Batting: RHB Glen Madden 0-0: Ball
1-0: Called Strike
1-1: Swinging Strike
1-2: Strikes out looking
Top of the 5th over - 1 run(s), 2 hit(s), 0 error(s), 1 left on base; Oceanside HS 8 - Brookline HS 2
BOTTOM OF THE 5TH
Brookline HS Warriors batting - Pitching for Oceanside HS Pirates : LHP Valentín García
Batting: SHB Luis Rodríguez 0-0: Ball
1-0: Called Strike
1-1: Ball
2-1: Ball
3-1: Base on Balls
Batting: RHB Owen Jenkins 0-0: Ball
1-0: Fly out, F9 (Flyball, 89M)
Batting: RHB Bob Bishop 0-0: Swinging Strike
0-1: Foul Ball, location: 2F
0-2: SINGLE (Flyball, 8RS)
Luis Rodríguez to second
Batting: RHB Paco Cabrera 0-0: Ball
1-0: Swinging Strike
1-1: Ball
2-1: Called Strike
2-2: Grounds into double play, 4-6-3 (Groundball, 4)
Bottom of the 5th over - 0 run(s), 1 hit(s), 0 error(s), 1 left on base; Oceanside HS 8 - Brookline HS 2
TOP OF THE 6TH
Oceanside HS Pirates batting - Pitching for Brookline HS Warriors : RHP Juan Álvarez
Batting: RHB Henry Rose 0-0: Swinging Strike
0-1: Ball
1-1: Ball
2-1: Ball
3-1: Base on Balls
Batting: LHB Ron Young 0-0: Swinging Strike
0-1: Swinging Strike
0-2: Strikes out swinging
Batting: RHB Danny Boykins 0-0: Called Strike
Henry Rose is caught stealing 2nd base
0-1: Called Strike
0-2: Ball
1-2: Foul Ball, location: 2F
1-2: Ball
2-2: Foul Ball, location: 2F
2-2: Ball
3-2: Foul Ball, location: 2F
3-2: Ground out 5-3 (Groundball, 5S)
Top of the 6th over - 0 run(s), 0 hit(s), 0 error(s), 0 left on base; Oceanside HS 8 - Brookline HS 2
BOTTOM OF THE 6TH
Brookline HS Warriors batting - Pitching for Oceanside HS Pirates : LHP Valentín García
Batting: LHB Desmond Huth 0-0: Called Strike
0-1: SINGLE (Flyball, 9LM)
Batting: RHB Tim Smith 0-0: Called Strike
0-1: Foul Ball, location: 2F
0-2: Ball
1-2: Ball
Desmond Huth steals 2nd base
2-2: Ball
3-2: Base on Balls
Batting: RHB Tom McBride 0-0: Ball
1-0: Foul Ball, location: 2F
1-1: Foul Ball, location: 2F
1-2: Ball
2-2: Ball
3-2: Foul Ball, location: 2F
3-2: Base on Balls
Desmond Huth to third
Tim Smith to second
Pitching: LHP Melvin Vásquez
Batting: LHB Jonathan Martin 0-0: Ball
1-0: Ball
2-0: Called Strike
2-1: Ball
3-1: Fly out, F8 (Flyball, 8LM)
Runner from 3rd tags up, SCORES, no throw
Batting: RHB Francisco Durango 0-0: Fly out, F2 (Popup, 2R)
Batting: SHB Luis Rodríguez 0-0: Called Strike
0-1: Ball
1-1: Called Strike
1-2: Ball
2-2: Strikes out swinging
Bottom of the 6th over - 1 run(s), 1 hit(s), 0 error(s), 2 left on base; Oceanside HS 8 - Brookline HS 3
TOP OF THE 7TH
Oceanside HS Pirates batting - Pitching for Brookline HS Warriors : RHP Juan Álvarez
Pitching: RHP Scott Robbins
Batting: SHB Jerry Young 0-0: Ball
1-0: Foul Ball, location: 2F
1-1: Foul Ball, location: 2F
1-2: Ball
2-2: Fly out, F9 (Line Drive, 9M)
Batting: LHB Preston Spencer 0-0: Ball
1-0: Swinging Strike
1-1: Ball
2-1: Fly out, F5 (Popup, 5F)
Batting: LHB Greg Sharpe 0-0: Foul Ball, location: 2F
0-1: Swinging Strike
0-2: Ball
1-2: Strikes out swinging
Top of the 7th over - 0 run(s), 0 hit(s), 0 error(s), 0 left on base; Oceanside HS 8 - Brookline HS 3
BOTTOM OF THE 7TH
Brookline HS Warriors batting - Pitching for Oceanside HS Pirates : LHP Melvin Vásquez
Batting: RHB Owen Jenkins 0-0: Ball
1-0: Ball
2-0: Foul Ball, location: 2F
2-1: DOUBLE (Flyball, 9LM)
Pinch Runner at 2nd Patrick Chávez:
Batting: RHB Bob Bishop 0-0: Called Strike
0-1: Ball
1-1: Fly out, F8 (Flyball, 8LM)
Runner from 2nd tags up, SAFE at 3rd with throw
Batting: RHB Paco Cabrera 0-0: SINGLE (Groundball, 56D)
Patrick Chávez scores
Batting: LHB Desmond Huth 0-0: Ball
1-0: Ball
2-0: Ground out U3 (Groundball, 3S)
Paco Cabrera to second
Batting: RHB Tim Smith 0-0: Called Strike
0-1: Swinging Strike
0-2: Ball
1-2: Foul Ball, location: 2F
1-2: SINGLE (Groundball, 34)
Paco Cabrera to third
Runner from 3rd tries for Home, SAFE, no throw or cutoff
Batting: RHB Tom McBride 0-0: Ball
1-0: Ground out 1-3 (Groundball, 23)
Bottom of the 7th over - 2 run(s), 3 hit(s), 0 error(s), 1 left on base; Oceanside HS 8 - Brookline HS 5
TOP OF THE 8TH
Oceanside HS Pirates batting - Pitching for Brookline HS Warriors : RHP Scott Robbins
Now in LF: Patrick Chávez
Batting: RHB Curt Brown 0-0: Foul Ball, location: 2F
0-1: Ball
1-1: Foul Ball, location: 2F
1-2: SINGLE (Line Drive, 7S)
Batting: LHB Miguel Maldonado 0-0: Sac Bunt - play at first, batter OUT! 1-4
Curt Brown to second
Batting: RHB Glen Madden 0-0: Ball
1-0: Fly out, F7 (Flyball, 78M)
Batting: RHB Henry Rose 0-0: Ball
1-0: Fly out, F3 (Popup, 3S)
Top of the 8th over - 0 run(s), 1 hit(s), 0 error(s), 1 left on base; Oceanside HS 8 - Brookline HS 5
BOTTOM OF THE 8TH
Brookline HS Warriors batting - Pitching for Oceanside HS Pirates : LHP Melvin Vásquez
Batting: LHB Jonathan Martin 0-0: Ball
1-0: Ball
2-0: Ball
3-0: Called Strike
3-1: Foul Ball, location: 2F
3-2: Foul Ball, location: 2F
3-2: Fly out, F2 (Popup, 2LF)
Pitching: RHP Thomas Hoffman
Batting: RHB Francisco Durango 0-0: Called Strike
0-1: Fly out, F9 (Flyball, 9M)
Batting: SHB Luis Rodríguez 0-0: Called Strike
0-1: Swinging Strike
0-2: Ball
1-2: Ball
2-2: Ball
3-2: Base on Balls
Pitching: RHP Ash Coker
Batting: RHB Patrick Chávez 0-0: Called Strike
0-1: Foul Ball, location: 2F
0-2: Strikes out swinging
Bottom of the 8th over - 0 run(s), 0 hit(s), 0 error(s), 1 left on base; Oceanside HS 8 - Brookline HS 5
TOP OF THE 9TH
Oceanside HS Pirates batting - Pitching for Brookline HS Warriors : RHP Scott Robbins
Batting: LHB Ron Young 0-0: Ball
1-0: Foul Ball, location: 2F
1-1: Ground out 4-3 (Groundball, 4)
Batting: RHB Danny Boykins 0-0: Called Strike
0-1: Ball
1-1: SINGLE (Flyball, 7S)
Pitching: LHP Neil White
Batting: SHB Jerry Young 0-0: Ball
1-0: Ball
2-0: Called Strike
2-1: Foul Ball, location: 2F
2-2: Fielders Choice at 2nd, 5-4 (Groundball, 5)
Batting: LHB Preston Spencer 0-0: Ball
1-0: Ball
2-0: Ball
3-0: Base on Balls
Jerry Young to second
Batting: LHB Greg Sharpe 0-0: SINGLE (Groundball, 23) (infield hit)
Jerry Young to third
Preston Spencer to second
Pitching: RHP Wally O'Dowling
Batting: RHB Curt Brown 0-0: Swinging Strike
0-1: Called Strike
0-2: Foul Ball, location: 2F
0-2: Ball
1-2: Foul Ball, location: 2F
1-2: Strikes out swinging
Top of the 9th over - 0 run(s), 2 hit(s), 0 error(s), 3 left on base; Oceanside HS 8 - Brookline HS 5
BOTTOM OF THE 9TH
Brookline HS Warriors batting - Pitching for Oceanside HS Pirates : RHP Ash Coker
Pitching: RHP Ed Castillo
Batting: RHB Bob Bishop 0-0: Called Strike
0-1: Ball
1-1: Ground out 6-3 (Groundball, 6)
Batting: RHB Paco Cabrera 0-0: Ball
1-0: Ball
2-0: Ball
3-0: Called Strike
3-1: Called Strike
3-2: SINGLE (Groundball, 56D)
Batting: LHB Desmond Huth 0-0: SINGLE (Groundball, 13) (infield hit)
Paco Cabrera to second
Batting: RHB Tim Smith 0-0: Ball
1-0: Ball
2-0: Swinging Strike
2-1: Fly out, F8 (Flyball, 8LM)
Batting: RHB Tom McBride 0-0: Ball
1-0: Called Strike
1-1: Ball
2-1: Foul Ball, location: 2F
2-2: Strikes out looking
Bottom of the 9th over - 0 run(s), 2 hit(s), 0 error(s), 2 left on base; Oceanside HS 8 - Brookline HS 5
Monday, December 5th, 2016 - OOTP Baseball 17.12 Build 75